Cogmind - Beta 16.1 @@@ ROGUE MODE // 2026.04.18 @ 12:46:01 Player: Thqwib-Linux Result: Destroyed by G-34 Mercenary with Small Laser Performance ------------- Evolutions (0) 0 Regions Visited (1) 200 Robots Destroyed (23) 115 Value Destroyed (577) 577 Prototype IDs (0) 0 Alien Tech Used (0) 0 Bonus (0) 0 TOTAL SCORE: 892 Bonus ------- None Cogmind --------- Core Integrity 0/250 Matter 248/300 Energy 250/250 System Corruption 4% Temperature Cool (6) Movement Treading (320) Ox2 Location -10/Materials Parts ------- > --- POWER (1) -------- Ion Engine > --- PROPULSION (2) --- Light Treads Compact Wheel > --- UTILITY (2) ------ Heat Sink High-capacity Storage Unit > --- WEAPON (2) ------- Light Assault Rifle Light Assault Rifle > --- INVENTORY (20) --- Ion Engine Light Treads Seismic Detector Tractor Beam Assault Rifle Grenade Launcher Hammer Peak State ------------ > --- POWER ------------ Ion Engine > --- PROPULSION ------- Light Treads Compact Wheel > --- UTILITY ---------- Small Storage Unit Seismic Detector > --- WEAPON ----------- Assault Rifle Light Assault Rifle > --- INVENTORY -------- Ion Engine Light Treads Compact Wheel Assault Rifle [Rating: 7] Favorites ----------- Power Ion Engine Engine Ion Engine Propulsion Light Treads Treads Light Treads Leg Aluminum Leg Wheel Compact Wheel Utility Seismic Detector Device Seismic Detector Storage High-capacity Storage Unit Weapon Light Assault Rifle Ballistic Gun Light Assault Rifle Build | -11 -10 ------- Run | Yrd Mat Slots Evolved . | . . Power . | . . Propulsion . | . . Utility . | . . Weapon . | . . Parts Attached 13 | 3 10 Power 1 | . 1 Engine 1 | . 1 Core . | . . Reactor . | . . Propulsion 4 | 2 2 Treads 2 | 1 1 Leg . | . . Wheel 2 | 1 1 Hover . | . . Flight . | . . Utility 5 | 1 4 Device 3 | 1 2 Storage 2 | . 2 Processor . | . . Hackware . | . . Protection . | . . Artifact . | . . Weapon 3 | . 3 Energy Gun . | . . Energy Cannon . | . . Ballistic Gun 3 | . 3 Ballistic Cannon . | . . Launcher . | . . Special Weapon . | . . Impact Weapon . | . . Slashing Weapon . | . . Piercing Weapon . | . . Special Melee Weapon . | . . Unidentified Prototypes . | . . Corrupted Parts 1 | . 1 System Corruption 4 | . 4 Parts Lost 1 | . 1 Power . | . . Propulsion 1 | . 1 Utility . | . . Weapon . | . . Highest Loss Streak 1 | . 1 To Critical Strikes . | . . Average Backups 4 | 4 4 Power . | 1 . Propulsion 1 | 2 1 Utility . | . . Weapon 1 | 1 1 Tool/Special . | . . Unused Backups 15 | 4 11 Power 3 | . 3 Propulsion 5 | 4 1 Utility 2 | . 2 Weapon 5 | . 5 Tool/Special . | . . Average Slot Usage (%) 99 | . 99 Engine 14 | . 14 Treads 14 | . 14 Wheel 13 | . 13 Device 14 | . 14 Storage 14 | . 14 Ballistic Gun 28 | . 28 Peak Build Rating 7 | 7 7 Average Rating 6 | 6 6 On Entrance 6 | 6 7 Avg Prop Armor Cover (%) 12 | 3 12 Naked Turns . | . . Heaviest Build 49 | 14 49 Greatest Support 20 | 20 20 Greatest Overweight (x) 3 | . 3 Average Overweight (x) 1 | . 1 Largest Inventory Capacity 20 | 8 20 Average Capacity 14 | 8 15 Most Carried 7 | 6 7 Average Carried 4 | 4 4 Final Capacity 20 | 8 20 Final Carried 7 | 4 7 Class Distribution -------------------- 100% | Mutant Dominant Class ---------------- Mutant | -10/Materials Resources | -11 -10 ----------- Run | Yrd Mat Matter Collected 577 | 256 321 Remotely . | . . Salvage Created 828 | 116 712 Parts 50 | 7 43 Haulers Intercepted 1 | . 1 Recyclers Shooed 2 | 2 . Parts Field Recycled . | . . Retrieved Matter . | . . Parts Self-Destructed . | . . Prevented . | . . Parts Restored . | . . Kills | -11 -10 ------- Run | Yrd Mat Combat Hostiles Destroyed 17 | . 17 Guns 15 | . 15 AOE 2 | . 2 Classes Destroyed 6 | 2 4 Tunneler 3 | 2 1 Hauler 1 | . 1 Recycler 1 | 1 . Watcher 1 | . 1 Swarmer 3 | . 3 Grunt 14 | . 14 Best Kill Streak 3 | 3 3 Combat Bots Only 3 | . 3 Max Kills in Single Turn 2 | 1 2 Gunslinging . | . . Exploded 2 | . 2 Melee . | . . Uniques/NPCs Destroyed . | . . Combat | -11 -10 -------- Run | Yrd Mat Hostile Shots Fired 95 | . 95 Missed 26 | . 26 Hits 69 | . 69 Projectile 69 | . 69 Part Disruptions 1 | . 1 Damage Taken 782 | . 782 Core 250 | . 250 Absorbed by Shields . | . . Core Remaining (%) 100 | 100 . Volleys Fired 85 | 9 76 Largest 2 | 2 2 Hottest 40 | 40 40 Shots Fired 170 | 18 152 Gun 170 | 18 152 Cannon . | . . Launcher . | . . Special . | . . Kinetic 170 | 18 152 Thermal . | . . Explosive . | . . Electromagnetic . | . . Robot Hit Streak 10 | 8 10 Robot Miss Streak 3 | 1 3 Penetration Max . | . . Secondary Targets 2 | . 2 Max Gunslinging Chain 1 | . 1 Shots Hit Robots 116 | 13 103 Core Hits 44 | 4 40 Critical Kills . | . . Critical Parts Destroyed . | . . Critical Strikes . | . . Melee Attacks . | . . Impact . | . . Slashing . | . . Piercing . | . . Sneak Attacks . | . . Combat Hostiles . | . . Follow-up Attacks . | . . Damage Inflicted 1109 | 142 967 Guns 1109 | 142 967 Cannons . | . . Explosions . | . . Melee . | . . Ramming . | . . Kinetic 1109 | 142 967 Thermal . | . . Explosive . | . . Electromagnetic . | . . Impact . | . . Slashing . | . . Piercing . | . . Highest Corruption 4 | . 4 Average Corruption 4 | . 4 Corruption Purged . | . . Corruption Blocked . | . . Effects 12 | . 12 Message Errors 3 | . 3 Matter Fused 5 | . 5 Energy Discharges 2 | . 2 Data Loss (minor) 1 | . 1 Data Loss (major) 1 | . 1 Overload Shots . | . . Overflow Damage . | . . Projectiles . | . . Explosions . | . . Melee . | . . Knockbacks . | . . Impact . | . . Kinetic . | . . Secondary . | . . Self-Inflicted Damage . | . . Shots . | . . Rammed 1 | . 1 Targets Rammed 1 | . 1 Kicked . | . . Crushed . | . . Highest Temperature 18 | . 18 Average Temperature 7 | . 7 Received Heat Transfer 348 | . 348 Siege Activations . | . . Martial Activations . | . . Shielding Activations . | . . Robots Disrupted . | . . Combat Hostiles . | . . Robots Corrupted . | . . Combat Hostiles . | . . Parts Fried . | . . Impact Corruptions . | . . Robots Melted . | . . Combat Hostiles . | . . Parts Melted . | . . Heat Transferred . | . . Parts Sabotaged . | . . Parts Stolen . | . . Parts Stripped . | . . Power Chain Reactions . | . . Alert | -11 -10 ------- Run | Yrd Mat Maximum Alert Level . | . . Low Security (%) 100 | 100 100 Level 1 . | . . Level 2 . | . . Level 3 . | . . Level 4 . | . . Level 5 . | . . High Security . | . . Max Security . | . . Peak Influence 178 | 5 178 Initial . | . . Average 42 | . 46 Influence Increases 504 | 15 489 Destroy 0b10 Robot/C 340 | . 340 Destroy 0b10 Robot/NC 30 | 15 15 Destroy Leader 64 | . 64 Successful Hack 10 | . 10 Select Force Hacks 60 | . 60 Influence Decreases 326 | 15 311 Time Decay 306 | 15 291 Lost Part 10 | . 10 Lost Ally 10 | . 10 Squads Dispatched 3 | . 3 Investigation 3 | . 3 Extermination . | . . Reinforcement . | . . Assault . | . . Garrison . | . . Intercept . | . . Searches Triggered . | . . Construction Impeded . | . . Haulers Reinforced . | . . Active Scanning Responses . | . . Cargo Convoy Interrupts . | . . Stealth | -11 -10 --------- Run | Yrd Mat Distress Signals 1 | . 1 Communications Jammed . | . . Distress Signals . | . . Times Spotted 27 | . 27 Peak Tracking Total 7 | . 7 Tactical Retreats . | . . Traps | -11 -10 ------- Run | Yrd Mat Traps Triggered 1 | . 1 Indirectly . | . . Trap Hack Attempts . | . . Triggered . | . . Disarmed . | . . Reprogrammed . | . . Reused . | . . Traps Extracted . | . . Installed . | . . Triggered . | . . Machines | -11 -10 ---------- Run | Yrd Mat Machines Disabled . | . . Max in Single Turn . | . . Machines Repaired . | . . Machines Dismantled . | . . Machines Sabotaged . | . . Overloaded Fab Kills . | . . Hacking | -11 -10 --------- Run | Yrd Mat Machines Accessed 9 | . 9 Terminals 6 | . 6 Fabricators . | . . Repair Stations 1 | . 1 Recycling Units 2 | . 2 Scanalyzers . | . . Garrison Access . | . . Total Hacks 24 | . 24 Successful 8 | . 8 Failed 16 | . 16 Catastrophic . | . . Database Lockouts . | . . Manual 18 | . 18 Terminals 19 | . 19 Fabricators . | . . Repair Stations 3 | . 3 Recycling Units 2 | . 2 Scanalyzers . | . . Garrison Access . | . . Terminal Hacks . | . . Fabricator Hacks . | . . Repair Station Hacks 1 | . 1 Scan Component 1 | . 1 Recycling Unit Hacks . | . . Scanalyzer . | . . Garrison Access Hacks . | . . Unauthorized Hacks 7 | . 7 Terminals 5 | . 5 Assimilate 3 | . 3 Botnet 2 | . 2 Fabricators . | . . Repair Stations . | . . Recycling Units 2 | . 2 Tunnel 2 | . 2 Scanalyzers . | . . Garrison Access . | . . Data Cores Recovered . | . . Used . | . . Hacking Detections 7 | . 7 Full Trace Events 1 | . 1 Feedback Events . | . . Feedback Blocked . | . . Robot Schematics Acquired . | . . Robots Built . | . . Authchips . | . . Time . | . . Total Robot Build Rating . | . . Part Schematics Acquired . | . . Parts Built . | . . Authchips . | . . Time . | . . Total Part Build Rating . | . . Part Studies Acquired . | . . Parts Repaired . | . . Time . | . . Parts Recycled . | . . Recycled Matter . | . . Retrieved Matter . | . . Retrieved Components . | . . Parts Scanalyzed . | . . Part Schematics Acquired . | . . Parts Damaged . | . . Bothacking | -11 -10 ------------ Run | Yrd Mat Used RIF Installer . | . . Robots Hacked . | . . Non-combat . | . . Combat . | . . Robot Hacks Applied . | . . Relay Couplers Released . | . . Fabnet Peak Effective % . | . . Robots Rewired . | . . Allies Hacked . | . . Hacks Repelled . | . . Allies | -11 -10 -------- Run | Yrd Mat Total Allies 1 | . 1 Largest Group 1 | . 1 Highest-Rated Group 10 | . 10 Highest-Rated Ally 10 | . 10 Total Orders . | . . Ally Attacks . | . . Total Damage . | . . Kills . | . . Allies Corrupted . | . . Allies Melted . | . . Intel | -11 -10 ------- Run | Yrd Mat Active Infowar (turns) 914 | 10 904 Seismic 914 | 10 904 Robot Analysis Total . | . . Derelict Logs Recovered . | . . Drone Launches . | . . Drone Recoveries . | . . Exploration | -11 -10 ------------- Run | Yrd Mat Turns Passed 1029 | 94 935 Spaces Moved 563 | 40 523 Core . | . . Treads 80 | 40 40 Legs . | . . Wheels 483 | . 483 Hover . | . . Flight . | . . Fastest Speed 100 | 160 100 Average Speed 128 | 160 125 Slowest Speed 240 | 160 240 Overloaded Moves . | . . Propulsion Burnouts . | . . Robots Hopped . | . . Potential Cave-ins . | . . Cave-ins Triggered . | . . Exploration Rate (%) 45 | 4 86 Regions Visited 1 Branch Regions . Pre-discovered Areas 2 | . 2 Known Exits Taken . | . . Unknown Exits Taken 1 | 1 . Scrap Searched . | . . Spaces Dug . | . . Terrain Destroyed . | . . Melee . | . . Projectile . | . . AOE . | . . Terrain Rammed . | . . Walls Destroyed . | . . Machines Disabled . | . . Actions | -11 -10 --------- Run | Yrd Mat Total 723 | 53 670 Wait 45 | . 45 Move 562 | 39 523 Hop . | . . Pick Up 6 | . 6 Fast Attach 1 | 1 . Attach 1 | . 1 Detach . | . . Swap 11 | 2 9 Drop 11 | 2 9 Fire 85 | 9 76 Melee . | . . Ram . | . . Kick . | . . Crush 1 | . 1 Escape Stasis . | . . Rewire . | . . Trap . | . . Miscellaneous . | . . Route ------- -11/Scrapyard -10/Materials (discovered 4 exits: [*Mat x2] / [*Min x2]) History --------- Turn | Location | Event 5 | -11/Scrapyard | Discovered new exit (range 3) 95 | -11/Scrapyard | Entered Materials 315 | -10/Materials | Build established: Mutant 376 | -10/Materials | Discovered new exit (range 6) 488 | -10/Materials | Discovered new exit (range 4) 565 | -10/Materials | Core integrity fell below 50% 761 | -10/Materials | Discovered new exit (range 5) 800 | -10/Materials | Discovered new exit (range 7) 994 | -10/Materials | Core integrity fell below 20% 1030 | -10/Materials | Destroyed by G-34 Mercenary with Small Laser Last Messages --------------- 00967_ T-07 Excavator destroyed. 00967_ K-01 Serf collects debris. 00968_ Acquired 2 matter. 00972_ K-01 Serf collects debris. 00975_ Acquired Hammer. 00976_ System corrupted: Matter fused (-5). 00977_ Connecting with Terminal... >>Trojan(Botnet) Trojan loaded successfully. Testing... Terminal linked with 1 system. Awaiting botnet instructions. 00996_ System corrupted: Matter fused (-10). 00998_ Triggered Alarm Trap. 00998_ An alarm sounds. 00998_ ALERT: Alarm triggered, dispatching investigation squad. 01015_ G-34 Mercenary destroyed. 01024_ System corrupted: Matter fused (-7). 01028_ G-34 Mercenary destroyed. Map ----- +----------------------------------------------------+ | | | | | | | | | | | | | | | | | | | ###??????????????????????????????????????????????? | | #????######????????????????????????????????????? | | #????# ????????????????????????????????????? | | #????# ????????????????????????????????????? | | #????# #???????????????????????????????????? | | ""#????# #???????????????????????????????????? | | Y"#????# #???????????????????????????????????? | | ""#????# #???????????????????????????????????? | | #????# ############????????????????????????? | | ######## # #????????????????????????? | | =* #### #????????????????????????? | | [ #??## # ########???#########?????? | | " " #???#### #### # #???""" """ #####?? | | "Y" #??????# #??# #[ T #?# """ """ # #?? | | """ #??????# #??# !g#=* #?# """ """ # #?? | | #?????## ##?# %g*/ #?# # #?? | | ##+########## #?# #@// #?# + #?? | | #?# # / #?# # #?? | | <[ #?# ########## # #?? | | #?# ## # # #? | | ############# #?# ## ########### #? | | ????????????###+##### ## #?# = ## # " | | ####????????# # ##""" #?# ## # " | | #????????# # ##""" #?# """ ## + " | | #????????# # ##""" #?# """ ## # | | #????????# # ## #?# """ ## # | | "" #????????# # ## #??? ## ### | | "" #?#############+## ########+######+### #? | | "" #?# """ !#?# * #? | | "" #?# "T" ### " #? | | "" #?# + #? | | #?# ############################### #? | | ####?# #????????????# #????### ###? | | #### #########????# #??????# #??? | | #T######+## ###### #??????# #??? | | # #??????# #??? | | < + #??#####+#### | | "" T #?? ???# | | "" ## ## #???? ?????# | | "" ## "!"|" ## #######+######## | | ##""!"|""## # | +----------------------------------------------------+ Best States ------------- Heat Dissipation 35 Energy Generation 10 Energy Capacity 250 Matter Stores 300 Matter Capacity 300 Sight Range 16 Terrain Scan Density 10 Evasion (%) 40 Recoil Reduction 1 Item Schematics ----------------- None Robot Schematics ------------------ None Fabricated ------------ Nothing Repaired ---------- Nothing Studied --------- None Alien Tech Used ----------------- None Achievements -------------- None Challenges ------------ None Game ------ Seed TerrabombSwarmPlatform Manual? 0 Play Time 00:11:26 Cumulative 167.3 hours Start 2026.04.18 @ 12:25:09 End 2026.04.18 @ 12:46:01 Sessions 1 Manual Loads 0 Difficulty Rogue Special Mode None Game No. 107 Rogue 107 Adventurer 0 Explorer 0 Win Type - Total 5 Types 3/0/1/1/0/0/0/0/0/0 Lore% 63 Gallery% 54 Achievement% 48 Wizard Run 0 Options --------- Layout 2 ASCII 0 Keyboard 1 Movement Arrows Keybinds 0 Fullscreen 2 Font 24/Terminus Map View 50x44 Zoom Use 0% Tactical HUD 1 Map Filters NONE Filters NONE Steam 1 RUN: 29e072d8-8347-4644-a687-40860900875f